 Dungeon Crawl Stone Soup version 0.32-a0-328-gd8048dd28f (webtiles) character file.

Game seed: 4730262634456610119

89908 PrimevalTitan the Marksspriggan (level 15, -4/86 HPs)
             Began as a Spriggan Hunter on Feb 17, 2024.
             Was a High Priest of Jiyva.
             Shot with a bolt by a yaktaur captain (42 damage)
             ... on level 14 of the Dungeon.
             The game lasted 00:34:18 (19412 turns).

PrimevalTitan the Marksspriggan (Spriggan Hunter)  Turns: 19412, Time: 00:34:19

Health: -4/86      AC:  3    Str: 13    XL:     15   Next: 50%
Magic:  18/18      EV: 40    Int: 14    God:    Jiyva [*****.]
Gold:   1392       SH:  8    Dex: 26    Spells: 14/14 levels left

rFire   . . .        a - +5 sling "Eblurin" {elec, Int+3}
rCold   + . .        M - +2 buckler {rC+}
rNeg    . . .        z - +0 troll leather armour
rPois   +            (helmet currently unavailable)
rElec   +            (cloak currently unavailable)
rCorr   +            (gloves unavailable)
SInv    +            (boots unavailable)
Will    ++...        d - amulet of regeneration
Stlth   ++++++       P - +5 ring of evasion
HPRegen 3.38/turn    Q - ring of Qibaann {*Slow rElec rPois Str+6 Slay+5}
MPRegen 0.88/turn

%: slow self (1%)
@: beast-form, spiked, very quick
A: beast (slay +4), very small, no large weapons, unfitting armour, see
invisible, speed 3, claws 2, jelly sensing items, sturdy frame 3, engulf
a: Begin Untransformation, Renounce Religion, Oozemancy, Slimify


You were on level 14 of the Dungeon.
You worshipped Jiyva.
Jiyva was extremely pleased with you.
You were a hulking beast.
You visited 4 branches of the dungeon, and saw 22 of its levels.
You also visited: Gauntlet and Ice Cave.

You collected 1858 gold pieces.
You spent 466 gold pieces at shops.

Inventory:

Hand Weapons
 a - the +5 sling "Eblurin" (weapon) {elec, Int+3}
   (You found it in a Gauntlet)

   Int+3:     It affects your intelligence (+3).
 h - a +0 arbalest of freezing
 T - a +2 heavy arbalest
Armour
 m - a scarf of resistance
 x - +0 steam dragon scales
 z - a +0 troll leather armour (worn)
 M - a +2 buckler of cold resistance (worn)
 V - the +2 cloak of Leapfrog {+Blink}
   (You found it on level 5 of the Lair of Beasts)

   +Blink:    It lets you blink.
Jewellery
 d - an amulet of regeneration (around neck)
 u - a ring of protection from cold
 A - the ring "Linnyur" {rPois rF+}
   (You found it in a Gauntlet)

   [ring of protection from fire]

   rF+:       It protects you from fire.
   rPois:     It protects you from poison
 D - an amulet of guardian spirit
 P - a +5 ring of evasion (left claw)
 Q - the ring of Qibaann (right claw) {*Slow rElec rPois Str+6 Slay+5}
   (You found it on level 4 of the Lair of Beasts)

   [ring of strength]

   Str+6:     It affects your strength (+6).
   Slay+5:    It affects your accuracy & damage with ranged weapons and melee
   (+5).
   rElec:     It insulates you from electricity.
   rPois:     It protects you from poison *Slow: It may slow you when you take
   damage.
 S - a ring of poison resistance
 Z - a ring of protection from cold
Talismans
 E - a beast talisman (active)
Wands
 c - a wand of acid (2)
 i - a wand of iceblast (4)
 v - a wand of digging (13)
 y - a wand of polymorph (8)
 G - a wand of mindburst (7)
Scrolls
 e - 5 scrolls of teleportation {@r3}
 k - a scroll of noise
 q - 4 scrolls of poison
 r - 5 scrolls of enchant weapon
 s - 6 scrolls of vulnerability {!r}
 t - a scroll of revelation {@r5}
 w - 4 scrolls of enchant armour
 C - 2 scrolls of immolation
 F - 3 scrolls of silence {!r}
 J - 2 scrolls of blinking {unknown}
 L - 2 scrolls of amnesia
 N - a scroll of torment
 O - 5 scrolls of identify {@r1}
 U - 2 scrolls of fog {unknown}
Potions
 b - 2 potions of resistance
 f - 2 potions of degeneration
 g - 6 potions of might {@q3}
 j - a potion of invisibility {unknown}
 l - a potion of berserk rage {unknown}
 n - a potion of curing {@q2}
 o - 10 potions of ambrosia
 p - 4 potions of haste {@q5}
 B - 2 potions of magic
 H - 4 potions of brilliance {unknown}
 K - 2 potions of mutation
 W - 3 potions of enlightenment {unknown}
 X - 2 potions of lignification {unknown}
 Y - a potion of attraction {unknown}
Miscellaneous
 I - a phial of floods
 R - a lightning rod (4/4)


   Skills:
 + Level 13.0 Fighting
 - Level 18.0 Ranged Weapons
 + Level 15.8 Dodging
 + Level 12.0 Stealth
 + Level 1.3 Shields
 + Level 3.6 Invocations
 - Level 7.0 Shapeshifting


You had 14 spell levels left.
You didn't know any spells.
Your spell library contained the following spells:

 Spells                   Type           Power      Damage    Failure   Level
 Magic Dart               Conj           0%         1d3       36%         1
 Mercury Vapours          Alch/Air       0%         N/A       52%         2
 Searing Ray              Conj           0%         2d4       52%         2
 Call Canine Familiar     Summ           0%         N/A       75%         3
 Dazzling Flash           Conj/Hex       0%         N/A       75%         3
 Gell's Gravitas          Tloc           0%         N/A       75%         3
 Inner Flame              Hex/Fire       0%         N/A       75%         3
 Mephitic Cloud           Conj/Alch/Air  0%         N/A       75%         3
 Sigil of Binding         Hex            0%         N/A       75%         3
 Stone Arrow              Conj/Erth      0%         3d7       75%         3
 Summon Ice Beast         Ice/Summ       0%         N/A       75%         3
 Teleport Other           Tloc           0%         N/A       75%         3
 Volatile Blastmotes      Fire/Tloc      0%         2d10      75%         3
 Animate Armour           Summ/Erth      0%         N/A       98%         4
 Dimensional Bullseye     Hex/Tloc       0%         N/A       98%         4
 Flame Wave               Conj/Fire      0%         2d4       98%         4
 Fulminant Prism          Conj/Alch      0%         3d5       98%         4
 Iskenderun's Mystic Bla  Conj/Tloc      0%         2d3       98%         4
 Sticky Flame             Fire/Alch      0%         2d4       98%         4
 Summon Lightning Spire   Summ/Air       0%         N/A       98%         4
 Curse of Agony           Necr           0%         N/A       100%        5
 Freezing Cloud           Conj/Ice/Air   0%         6-21      100%        5
 Irradiate                Conj/Alch      0%         3d11      100%        5
 Lee's Rapid Deconstruct  Erth           0%         3d4*      100%        5
 Silence                  Hex/Air        0%         N/A       100%        5
 Summon Mana Viper        Hex/Summ       0%         N/A       100%        5
 Dispersal                Tloc           0%         N/A       100%        6
 Monstrous Menagerie      Summ           0%         N/A       100%        7
 Ignition                 Fire           0%         3d3       100%        8
 Lehudib's Crystal Spear  Conj/Erth      0%         10d2      100%        8


Dungeon Overview and Level Annotations

Branches:
Dungeon (14/15)            Temple (1/1) D:4            Lair (5/5) D:11
  Swamp (0/4) Lair:3       Spider (0/4) Lair:2        Slime (0/5) Lair:4
    Orc (2/2) D:9             Elf (0/3) Orc:2         IceCv (visited)
Gauntlet (visited)
 Vaults: D:13-14

Altars:
Ashenzari
Cheibriados
Dithmenos
Elyvilon
Fedhas
Gozag
Hepliaklqana
Kikubaaqudgha
Makhleb
Nemelex Xobeh
Okawaru
Qazlal
Ru
Sif Muna
Trog
Uskayaw
Vehumet
Wu Jian
Xom
Yredelemnul
Zin
The Shining One
Beogh
Jiyva
Lugonu

Shops:
D:2 !   D:7 [   Orc:2 :!!((

Portals:
Abyss: Lair:5

Annotations:
D:2 loot
D:3 1 transporter
D:6 3 runed translucent doors, Eustachio; casual's ghost, novice DjAE


Innate Abilities, Weirdness & Mutations

You are a hulking beast.
Your limbs bulge with bestial killing power. (Slay +4)
You are very small and have problems with some larger weapons.
You are too small for most types of armour.
You have supernaturally acute eyesight. (SInv)
You cover ground extremely quickly. (Speed+++)
You have very sharp fingernails.
You have a small jelly attached to you that senses nearby items.
Your movements are significantly less encumbered by armour. (ER -6)
Your melee attacks may engulf your foes in ooze.


Message History

Aim: a manticore (heavily wounded, 85% to hit)
You shoot a sling bullet.
The sling bullet barely misses the manticore.
The yaktaur wields a +0 arbalest.
The yaktaur shoots a bolt.
You block the bolt.
The yaktaur captain wields a +3 arbalest.
The yaktaur captain shoots a bolt.
The bolt hits you!
The manticore flicks its tail.
The volley of spikes skewers you!
The barbed spikes become lodged in your body.
Fire: a) +5 sling "Eblurin" {elec, Int+3}
Press: ? - help, Q - select action, (/) - cycle Shift-Dir - straight line, f/p - manticore
Aim: a manticore (heavily wounded, 85% to hit)
You shoot a sling bullet. The sling bullet hits the manticore!
The manticore is severely wounded.
Unknown command.
Fire: a) +5 sling "Eblurin" {elec, Int+3}
Press: ? - help, Q - select action, (/) - cycle Shift-Dir - straight line, f/p - manticore
Aim: a manticore (severely wounded, 85% to hit)
You shoot a sling bullet. The sling bullet hits the manticore!!
Lightning courses through the manticore!
You kill the manticore!
The yaktaur captain shoots a bolt.
The bolt completely misses you.
Your Stealth skill increases to level 12!
You feel better.
The yaktaur shoots a bolt.
The bolt misses you.
The yaktaur captain shoots a bolt.
The bolt hits you!!!
* * * LOW HITPOINT WARNING * * *
You shudder from the blast and a jelly pops out!
Unknown command.
Okay, then.
You feel better.
The yaktaur shoots a bolt.
You block the bolt.
You feel better.
The yaktaur shoots a bolt.
The bolt hits you!
* * * LOW HITPOINT WARNING * * *
The yaktaur captain shoots a bolt.
You block the bolt.
You feel better.
The yaktaur captain shoots a bolt.
The bolt completely misses you.
Okay, then.
You feel better.
The yaktaur captain shoots a bolt.
The bolt hits you!!!
You die...
Jiyva sends a jelly to digest your remains.

#.# #.### #.#
####.##########
#.#
#...<..).......
###.#
#.##.##########
....# #
#...#### #####
#......#
#...##.#
######J# ######
#h# ...... #.#
#####. #[# ..†
##### .c# .....
.c.. ##### ...#
....)


You could see a yaktaur captain (ally target), a yaktaur and a friendly
quicksilver ooze (summoned).

Vanquished Creatures
  Rupert (D:11)
  Donald (Orc:2)
  An orc warlord (Orc:2)
  Nessos (D:13)
  A minotaur (Gauntlet)
  Harold (D:9)
  3 hydras
  3 centaur warriors (D:13)
  8 two-headed ogres
  2 boulder beetles
  Erica (Orc:1)
  6 death yaks (Lair:5)
  2 orc high priests
  4 thrashing horrors (Lair:5)
  Sonja (D:11)
  A skyshark (Lair:5)
  A large abomination (Lair:5)
  2 spriggan druids
  A sun moth (shapeshifter) (Lair:5)
  2 bog bodies (IceCv)
  A swamp dragon (shapeshifter) (Lair:5)
  A deep elf pyromancer (D:13)
  5 orc knights (Orc:2)
  7 ugly things
  Maurice (D:9)
  3 orc sorcerers (Orc:2)
  2 cyclopes
  3 manticores
  8 black mambas
  10 elephants
  2 smoke demons (Lair:5)
  7 cane toads
  An ice statue (IceCv)
  A molten gargoyle (Lair:5)
  An unseen horror (shapeshifter) (D:13)
  An unseen horror (D:11)
  13 komodo dragons
  Jeremiah (D:6)
  Maggie (D:7)
  A yaktaur (D:14)
  A minotaur zombie (Gauntlet)
  A rime drake (Lair:5)
  Psyche (D:12)
  A troll (shapeshifter) (D:14)
  5 trolls
  A queen bee (Lair:1)
  2 hornets (D:8)
  A tyrant leech (Gauntlet)
  2 polar bears
  4 saltlings (Orc:2)
  32 blink frogs
  3 raiju (Lair:5)
  A spriggan (shapeshifter) (Lair:5)
  2 vampires
  2 shadows
  3 wyverns
  60 yaks
  3 fire bats (Lair:5)
  A spriggan (Lair:5)
  4 wraiths
  5 basilisks
  16 vampire mosquitoes
  3 wargs
  3 swamp worms (Gauntlet)
  3 steam dragons
  2 chaos spawn (Lair:5)
  A harpy simulacrum (IceCv)
  3 acid dragons (D:11)
  12 water moccasins
  Duvessa (D:7)
  A hydra simulacrum (IceCv)
  22 orc warriors
  A black bear (D:6)
  12 ogres
  24 wolves
  13 centaurs
  3 phantoms
  10 small abominations (Lair:5)
  8 bullfrogs
  A gnoll sergeant (D:6)
  4 two-headed ogre simulacra (IceCv)
  4 scorpions
  A cane toad simulacrum (IceCv)
  8 wights (D:9)
  Dowan (D:7)
  3 elephant simulacra (IceCv)
  26 killer bees
  An electric eel (Lair:5)
  2 howler monkeys
  2 lava snakes (Lair:5)
  2 bombardier beetles
  2 hounds (D:5)
  16 orc priests
  15 jellies
  2 sleepcaps
  4 iguanas
  23 orc wizards
  Ijyb (D:4)
  5 spriggan simulacra (IceCv)
  2 polar bear simulacra (IceCv)
  4 troll simulacra (IceCv)
  2 wolf simulacra (IceCv)
  Robin (D:3)
  4 adders
  16 gnolls
  6 naga simulacra (IceCv)
  A shadow imp (D:6)
  8 white imps
  8 ufetubi
  2 ribbon worms
  4 dart slugs
  61 orcs
  12 endoplasms
  7 giant cockroaches
  11 goblins
  11 hobgoblins
  8 jackals
  10 kobolds
  7 quokkas
  5 bats
  3 frilled lizards
  3 rats (D:1)
  A butterfly (Lair:5)
706 creatures vanquished.

Vanquished Creatures (collateral kills)
  2 vampire mosquitoes (D:10)
2 creatures vanquished.

Vanquished Creatures (others)
  An orc knight (Orc:2)
  3 kobold demonologists (D:12)
  A tengu conjurer (D:14)
  4 slime creatures
  A troll (D:12)
  A swamp worm (Gauntlet)
  A vampire mosquito (D:10)
  A water moccasin (D:7)
  A kobold brigand (D:12)
  24 jellies
  2 orc priests (Orc:2)
  2 orc wizards
  4 orcs (Orc:2)
  4 kobolds (D:12)
50 creatures vanquished.

Grand Total: 758 creatures vanquished

Notes
Turn   | Place    | Note
-------+----------+-------------------------------------------
     0 | D:1      | PrimevalTitan the Spriggan Hunter began the quest for the
                  | Orb.
     0 | D:1      | Reached XP level 1. HP: 10/10 MP: 2/2
    41 | D:1      | Reached XP level 2. HP: 15/15 MP: 3/3
   189 | D:1      | Reached XP level 3. HP: 11/19 MP: 4/4
   233 | D:1      | Found a faded altar of an unknown god.
   822 | D:2      | Reached XP level 4. HP: 23/23 MP: 5/5
   847 | D:2      | Reached skill level 5 in Ranged Weapons
  1016 | D:2      | Reached XP level 5. HP: 28/28 MP: 6/6
  1128 | D:2      | Found Mazxop's Distillery.
  1135 | D:2      | Bought a potion of heal wounds for 65 gold pieces
  1304 | D:3      | Found a sparkling altar of Nemelex Xobeh.
  1304 | D:3      | Found a transporter.
  1304 | D:3      | Noticed a phantom
  1555 | D:3      | Noticed Robin
  1584 | D:3      | Killed Robin
  2064 | D:4      | Reached XP level 6. HP: 28/33 MP: 7/7
  2179 | D:4      | Found a staircase to the Ecumenical Temple.
  2242 | D:4      | Reached skill level 6 in Ranged Weapons
  2293 | D:4      | Noticed Ijyb
  2309 | D:4      | Killed Ijyb
  2681 | Temple   | Entered the Ecumenical Temple
  2854 | Temple   | Became a worshipper of Elyvilon the Healer
  2924 | D:5      | Entered Level 5 of the Dungeon
  3033 | D:5      | Reached XP level 7. HP: 38/38 MP: 8/8
  3174 | D:5      | Reached skill level 7 in Ranged Weapons
  3251 | D:5      | Reached skill level 5 in Fighting
  3339 | D:5      | Reached skill level 8 in Ranged Weapons
  3540 | D:5      | Found an ancient bone altar of Kikubaaqudgha.
  3622 | D:6      | Reached * piety under Elyvilon
  3630 | D:6      | Reached skill level 1 in Shapeshifting
  3630 | D:6      | Reached XP level 8. HP: 38/43 MP: 9/9
  3816 | D:6      | Noticed Eustachio
  3933 | D:6      | Reached skill level 5 in Stealth
  3960 | D:6      | Found a runed translucent gate.
  3961 | D:6      | Found a runed translucent gate.
  3961 | D:6      | Found a runed translucent gate.
  3961 | D:6      | Noticed casual's ghost (novice DjAE)
  4092 | D:6      | Noticed Jeremiah
  4134 | D:6      | Killed Jeremiah
  4135 | D:6      | Reached skill level 5 in Shapeshifting
  4349 | D:7      | Noticed Maggie
  4361 | D:7      | Killed Maggie
  4362 | D:7      | Reached XP level 9. HP: 47/47 MP: 10/10
  4487 | D:7      | Found Puaf's Armour Shoppe.
  4542 | D:7      | Noticed Duvessa
  4547 | D:7      | Reached ** piety under Elyvilon
  4551 | D:7      | Noticed Dowan
  4553 | D:7      | Killed Duvessa
  4557 | D:7      | Killed Dowan
  4610 | D:7      | Found a stormy altar of Qazlal.
  4796 | D:8      | Noticed a two-headed ogre
  4799 | D:8      | Paralysed by a hornet for 3 turns
  4801 | D:8      | HP: 1/47 [hornet (13)]
  4916 | D:8      | Found a hide-covered altar of Uskayaw.
  4938 | D:8      | Reached skill level 9 in Ranged Weapons
  5037 | D:8      | Found a glowing golden altar of the Shining One.
  5175 | D:8      | Reached skill level 10 in Ranged Weapons
  5175 | D:8      | Reached XP level 10. HP: 42/55 MP: 11/11
  5701 | D:8      | Found a glowing golden altar of the Shining One.
  5909 | D:8      | Killed a two-headed ogre
  5980 | D:8      | Found a hide-covered altar of Uskayaw.
  6164 | D:9      | Reached *** piety under Elyvilon
  6309 | D:9      | Noticed a two-headed ogre
  6315 | D:9      | Killed a two-headed ogre
  6316 | D:9      | Reached skill level 11 in Ranged Weapons
  6380 | D:9      | Identified the +8 spear of the Riding Dove {freeze, rPois
                  | rCorr}
  6384 | D:9      | Noticed a two-headed ogre
  6622 | D:9      | Killed a two-headed ogre
  6703 | D:9      | Found a staircase to the Orcish Mines.
  6746 | D:9      | Noticed Maurice
  6761 | D:9      | Maurice stole an amulet of guardian spirit
  6764 | D:9      | Maurice stole a beast talisman
  6765 | D:9      | Maurice stole a +0 shortbow
  6767 | D:9      | Maurice stole 77 gold
  6770 | D:9      | Maurice stole 136 gold
  6776 | D:9      | Killed Maurice
  6777 | D:9      | Reached skill level 12 in Ranged Weapons
  6892 | D:9      | Noticed Harold
  6945 | D:9      | Killed Harold
  6957 | D:9      | Reached XP level 11. HP: 44/60 MP: 12/12
  6983 | D:9      | Noticed a two-headed ogre
  7027 | D:9      | Killed a two-headed ogre
  7033 | D:9      | Reached skill level 13 in Ranged Weapons
  7410 | D:9      | Identified a scroll of acquirement
  7421 | D:9      | Acquired a +0 arbalest of freezing
  7441 | D:10     | Entered Level 10 of the Dungeon
  7568 | D:10     | Reached **** piety under Elyvilon
  7731 | D:10     | Noticed a two-headed ogre
  7734 | D:10     | Killed a two-headed ogre
  7802 | D:10     | Reached skill level 14 in Ranged Weapons
  8324 | D:11     | Reached ***** piety under Elyvilon
  8855 | D:11     | Reached skill level 15 in Ranged Weapons
  9032 | D:11     | Found a staircase to the Lair.
  9274 | Lair:1   | Entered Level 1 of the Lair of Beasts
  9612 | Lair:1   | Reached XP level 12. HP: 64/64 MP: 13/13
  9682 | Lair:1   | Reached skill level 16 in Ranged Weapons
 10010 | Lair:1   | Identified the +7 spear "Spider's Demise" {freeze, Str+2}
 10014 | Lair:1   | Noticed a boulder beetle
 10020 | Lair:1   | Killed a boulder beetle
 10503 | Lair:2   | Reached ****** piety under Elyvilon
 10503 | Lair:2   | Found a hole to the Spider Nest.
 10654 | Lair:2   | Noticed a five-headed hydra
 10658 | Lair:2   | Killed a five-headed hydra
 10856 | Lair:1   | Reached skill level 17 in Ranged Weapons
 11777 | Lair:3   | Reached skill level 18 in Ranged Weapons
 11972 | Lair:2   | Elyvilon protects you from harm!
 11975 | Lair:2   | HP: 3/64 [spriggan druid/+0 quarterstaff (11)]
 12178 | Lair:2   | Reached skill level 5 in Dodging
 12491 | Lair:3   | Reached XP level 13. HP: 69/69 MP: 14/14
 12765 | Lair:3   | Found a staircase to the Swamp.
 13260 | Lair:4   | Found a staircase to the Slime Pits.
 13262 | Lair:4   | Found a viscous altar of Jiyva.
 13757 | Lair:4   | Identified the ring of Qibaann {*Slow rElec rPois Str+6
                  | Slay+5}
 13946 | Lair:4   | Fell from the grace of Elyvilon
 13946 | Lair:4   | Became a worshipper of Jiyva Jyikh the Shapeless
 13991 | Lair:5   | Entered Level 5 of the Lair of Beasts
 14079 | Lair:5   | Reached * piety under Jiyva
 14096 | Lair:5   | Identified the +2 cloak of Leapfrog {+Blink}
 14146 | Lair:5   | Reached skill level 10 in Fighting
 14171 | Lair:5   | Reached skill level 10 in Dodging
 14424 | Lair:5   | Reached XP level 14. HP: 77/77 MP: 15/15
 14548 | Lair:5   | Reached ** piety under Jiyva
 14579 | Lair:5   | Found a basalt altar of Yredelemnul.
 14961 | Lair:5   | Found a corrupted altar of Lugonu.
 14961 | Lair:5   | Found a one-way gate to the infinite horrors of the Abyss.
 15339 | Orc:1    | Entered Level 1 of the Orcish Mines
 15429 | Orc:1    | Noticed Erica
 15432 | Orc:1    | Killed Erica
 15533 | Orc:1    | Reached *** piety under Jiyva
 15538 | Orc:1    | Found a roughly hewn altar of Beogh.
 15661 | Orc:1    | Found a roughly hewn altar of Beogh.
 15781 | Orc:2    | Entered Level 2 of the Orcish Mines
 15918 | Orc:2    | Found Qemn's Weapon Emporium.
 15930 | Orc:2    | Gained mutation: You have sharp fingernails. [Jiyva's
                  | grace]
 15930 | Orc:2    | Gained mutation: You have very sharp fingernails. [Jiyva's
                  | grace]
 15930 | Orc:2    | Gained mutation: You have claws for hands. [Jiyva's grace]
 15930 | Orc:2    | Gained mutation: You have a small jelly attached to you
                  | that senses nearby items. [Jiyva's grace]
 15940 | Orc:2    | Identified the +5 kite shield of Roissun {+Inv rF+ Dex+3}
 15940 | Orc:2    | Noticed Donald
 15946 | Orc:2    | Killed Donald
 16022 | Orc:2    | Reached **** piety under Jiyva
 16031 | Orc:2    | Found a staircase to the Elven Halls.
 16223 | Orc:2    | Found Piusaorch's Antique Weapon Boutique.
 16246 | Orc:2    | Noticed an orc warlord
 16459 | Orc:2    | Killed an orc warlord
 16460 | Orc:2    | Reached skill level 10 in Stealth
 16502 | Orc:2    | Found Otuzxualof's Distillery.
 16503 | Orc:2    | Found a roughly hewn altar of Beogh.
 16504 | Orc:2    | Found Ginwaihu's Distillery.
 16510 | Orc:2    | Bought a potion of heal wounds for 70 gold pieces
 16510 | Orc:2    | Bought a potion of curing for 42 gold pieces
 16510 | Orc:2    | Bought a potion of curing for 42 gold pieces
 16534 | Orc:2    | Found Woomm's Book Shoppe.
 16539 | Orc:2    | Reached skill level 15 in Dodging
 16539 | Orc:2    | Reached XP level 15. HP: 85/85 MP: 16/16
 16597 | Orc:2    | Bought a glowing arbalest for 247 gold pieces
 16865 | D:12     | Found a gate leading to a gauntlet.
 16874 | D:12     | Noticed Rupert
 16929 | Gauntlet | Entered a Gauntlet
 16929 | Gauntlet | Found a transporter.
 16938 | Gauntlet | Found a transporter.
 16943 | Gauntlet | Found a transporter.
 16944 | Gauntlet | Found a transporter.
 16945 | Gauntlet | Found a transporter.
 16947 | Gauntlet | Found a transporter.
 16953 | Gauntlet | Found a transporter.
 16953 | Gauntlet | Found a transporter.
 16971 | Gauntlet | Found a transporter.
 16990 | Gauntlet | Found a transporter.
 16992 | Gauntlet | Found a transporter.
 17000 | Gauntlet | Found a transporter.
 17139 | Gauntlet | Identified the +5 sling "Eblurin" {elec, Int+3}
 17180 | Gauntlet | Identified the ring "Linnyur" {rPois rF+}
 17223 | Gauntlet | Reached skill level 1 in Invocations
 17294 | D:12     | Noticed Sonja
 17371 | D:11     | Killed Sonja
 17558 | D:11     | Killed Rupert
 17702 | D:12     | Noticed Psyche
 17716 | D:12     | Killed Psyche
 18028 | D:13     | Found a frozen archway.
 18044 | IceCv    | Entered an ice cave
 18075 | IceCv    | Reached ***** piety under Jiyva
 18322 | IceCv    | Found the +10 dark maul {heavy}
 18658 | D:13     | Lost mutation: You have claws for hands. [Jiyva's grace]
 18658 | D:13     | Gained mutation: Your melee attacks may engulf your foes in
                  | ooze. [Jiyva's grace]
 18658 | D:13     | Gained mutation: Your movements are slightly less
                  | encumbered by armour. (ER -2) [Jiyva's grace]
 18658 | D:13     | Gained mutation: Your movements are less encumbered by
                  | armour. (ER -4) [Jiyva's grace]
 18658 | D:13     | Gained mutation: Your movements are significantly less
                  | encumbered by armour. (ER -6) [Jiyva's grace]
 18724 | D:13     | Noticed Nessos
 18739 | D:13     | Killed Nessos
 18931 | D:13     | Reached skill level 1 in Shields
 19412 | D:14     | Shot with a bolt by a yaktaur captain

Illustrated notes

Levels and vault maps discovered:
D:1:      psy_arrival_terrarium, layout_basic,
          hellmonk_ecumenical_altar_dog_temple
D:2:      layout_rooms, serial_shops, shop, due_unseen_surprise
D:3:      layout_rooms, grunt_nemelex_the_gamble, lemuel_flame_loot_1,
          uniq_robin
D:4:      layout_loops_ring, temple_doors_ab, serial_forest,
          infiniplex_forest_lined_2, infiniplex_forest_straight_2,
          infiniplex_forest_end_2, infiniplex_forest_zigzag_1, uniq_ijyb
D:5:      layout_rooms, mainiacjoe_overflow_brackets, kennysheep_generic_room_9
D:6:      layout_cave_pools, gammafunk_ghost_split, nrook_loot_triangle,
          uniq_jeremiah, uniq_eustachio
D:7:      layout_rooms, grunt_qazlal_clouds, serial_shops,
          nicolae_shop_tiny_glass, uniq_maggie, uniq_duvessa
D:8:      layout_loops_cross, nicolae_uskayaw_dance_hall,
          overflow_temple_1_default
D:9:      layout_basic, orc_0_dummy, uniq_maurice, uniq_harold
D:10:     layout_irregular_city
D:11:     layout_stronghold, david_lair_shrubbed
D:12:     layout_rooms, gauntlet_entry_generic, uniq_sonja, uniq_rupert,
          uniq_psyche
D:13:     layout_basic, portal_ice_cave_entry_pillars_1, uniq_nessos
D:14:     layout_loops_ring, david_vaults_2, nicolae_eternal_life
Temple:   minmay_crystal_spiral_temple
Lair:1:   layout_cave_pods, serial_bayou_shore_b
Lair:2:   layout_cave_pods, spider_nest_entry_web_field, special_room
          [special_room_bee]
Lair:3:   layout_chaotic_city, mainiacjoe_swamp_entry_angry_trees
Lair:4:   layout_cave_shapes, minmay_slime_entry_jelly_boxes
Lair:5:   hellmonk_lair_end_abyssal_woods, layout_gridlike, basic_altar,
          grunt_forest_large_clearings, lemuel_fruit_fields
Orc:1:    layout_caves, basic_altar, kennysheep_orc_chapel, uniq_erica
Orc:2:    hellmonk_orc_salted, layout_caves, serial_shops,
          nicolae_shop_bloodbath_and_beyond, uniq_donald

Skill      XL: |  1  2  3  4  5  6  7  8  9 10 11 12 13 14 15 |
---------------+----------------------------------------------+-----
Fighting       | 2 3 4 5 7 8 10 12 13 | 13.0
Ranged Weapons | 5 6 8 10 12 15 18 | 18.0
Stealth        | 3 8 10 12 | 12.0
Shapeshifting  | 1 6 7 |  7.0
Dodging        | 5 11 15 | 15.8
Invocations    | 3 |  3.6
Shields        | 1 |  1.3

Action                     |  1- 3 |  4- 6 |  7- 9 | 10-12 | 13-15 || total
---------------------------+-------+-------+-------+-------+-------++-------
   Fire: Shortbow          |    72 |   239 |   150 |       |       ||   461
         Orcbow            |       |       |   188 |   215 |       ||   403
         Arbalest          |       |       |       |   457 |   732 ||  1189
         Sling             |       |       |       |       |   349 ||   349
 Invoke: Heal Self         |       |       |       |     5 |       ||     5
         Oozemancy         |       |       |       |       |     1 ||     1
  Evoke: Wand              |       |       |    26 |    17 |     6 ||    49
    Use: Scroll            |       |       |     2 |    17 |     6 ||    25
         Potion            |       |       |     2 |     1 |     9 ||    12
 Armour: Robe              |     7 |    39 |    59 |       |       ||   105
         Steam dragon scal |       |       |    34 |   190 |    57 ||   281
         Troll leather arm |       |       |       |       |    64 ||    64
  Dodge: Dodged            |    31 |   118 |   174 |   324 |   514 ||  1161
  Block: Buckler           |       |       |       |       |    25 ||    25
   Form: Beast             |       |       |     1 |       |       ||     1

Table legend: (Time is in decaauts)
 A = Elapsed time spent in this place.
 B = Non-inter-level travel time spent in this place.
 C = Inter-level travel time spent in this place.
 D = Time resting spent in this place.
 E = Time spent auto-exploring this place.
 F = Levels seen in this place.
 G = Mean time per level.
                   A        B        C        D        E       F      G
               +--------+--------+--------+--------+--------+-----+--------+
         Total |  13516 |  12207 |   1309 |   1093 |   7472 |  24 |  563.2 |
       Dungeon |   7837 |   7106 |    731 |    747 |   4385 |  14 |  559.8 |
        Temple |    109 |      1 |    108 |      0 |      0 |   1 |  109.0 |
          Lair |   4029 |   3622 |    407 |    330 |   2185 |   5 |  805.8 |
  Orcish Mines |    922 |    860 |     62 |      0 |    527 |   2 |  461.0 |
      Ice Cave |    395 |    395 |      0 |      7 |    269 |   1 |  395.0 |
      Gauntlet |    221 |    221 |      0 |      9 |    104 |   1 |  221.0 |
               +--------+--------+--------+--------+--------+-----+--------+

Top non-repeatable levels by time:
     D:9: 1123 daAuts
    D:11: 1098 daAuts
  Lair:2: 1092 daAuts
     D:8: 888 daAuts
  Lair:1: 818 daAuts
  Lair:5: 813 daAuts
  Lair:3: 688 daAuts
    D:10: 632 daAuts
     D:5: 618 daAuts
  Lair:4: 617 daAuts
   Orc:2: 600 daAuts
     D:4: 572 daAuts
     D:1: 535 daAuts
     D:6: 435 daAuts
     D:3: 422 daAuts
